Map: Ruins of Endion

Players

Miszu - Winner!

  • Race: Terran Terran
  • League: Master

gab

  • Race: Protoss Protoss
  • League: Master

VOD

Have the link to the VOD?

Description

Time

  • Played on: April 5, 2016, 4:07 p.m.
  • Length: 13:39
Show
View Real Time Build Order
Export as new Build Order

Miszu Terran - Winner!

Build Orders: Command Center First (CC), MMM Bio 

Get SALT Encoding   

  12  0:00  SCV  
  13  0:13  SCV  
  14  0:17  Supply Depot  
  14  0:25  SCV  
  15  0:39  SCV  
  16  0:51  SCV  
  17  0:59  Command Center  
  17  1:03  SCV  
  18  1:18  SCV  
  18  1:19  Barracks  
  19  1:30  SCV  
  20  1:33  Barracks  
  20  1:43  SCV  
  21  1:50  Barracks  
  21  1:55  SCV  
  21  2:07  Marine  
  22  2:13  Orbital Command  
  22  2:18  Orbital Command  
  22  2:21  Marine  
  23  2:25  Marine  
  24  2:37  Marine  
  24  2:39  Marine, SCV  
  24  2:43  Marine  
  24  2:44  Refinery x2  
  28  2:46  SCV  
  28  2:51  SCV  
  30  2:54  Marine  
  30  2:57  Marine  
  30  2:58  SCV  
  33  3:00  Marine  
  33  3:03  SCV  
  35  3:06  Supply Depot  
  35  3:10  SCV  
  35  3:12  Supply Depot  
  36  3:15  Barracks Tech Lab, SCV  
  38  3:22  SCV  
  38  3:28  Marine x2, SCV  
  41  3:34  SCV  
  41  3:37  Marine  
  41  3:39  Stimpack  
  41  3:40  SCV  
  44  3:46  Marine x2, SCV  
  44  3:47  Supply Depot  
  47  3:52  SCV  
  47  3:53  Engineering Bay  
  47  3:55  Marine  
  49  3:58  Factory, SCV  
  50  4:03  Marine  
  50  4:04  SCV  
  50  4:06  Refinery  
  48  4:10  SCV  
  48  4:13  Marine x2  
  48  4:16  SCV  
  52  4:21  Missile Turret  
  52  4:23  SCV, Missile Turret  
  53  4:29  SCV  
  55  4:32  Barracks Reactor  
  55  4:33  Barracks Tech Lab  
  55  4:35  SCV  
  55  4:37  Terran Infantry Weapons Level 1  
  55  4:41  SCV  
  55  4:45  Starport, Factory Reactor  
  56  4:47  SCV  
  56  4:49  Marauder  
  59  4:53  SCV  
  59  4:59  SCV  
  61  5:02  Command Center  
  62  5:08  Refinery  
  62  5:17  SCV  
  62  5:18  SCV  
  62  5:20  Supply Depot  
  62  5:21  Supply Depot  
  62  5:32  Barracks x2  
  62  5:42  Marine x2, Medivac x2, Marauder, SCV x2  
  70  5:43  Marauder  
  70  5:46  Supply Depot  
  70  5:47  Supply Depot  
  74  5:50  Supply Depot  
  74  5:54  SCV x2  
  76  5:58  Liberator x2  
  75  6:06  SCV x2  
  77  6:16  Orbital Command  
  85  6:18  Marauder, SCV x2  
  85  6:19  Combat Shields  
  85  6:22  Concussive Shells  
  85  6:25  Barracks Reactor  
  87  6:26  Barracks Tech Lab  
  87  6:30  SCV  
  87  6:32  SCV  
  89  6:39  Terran Infantry Armor Level 1  
  89  6:43  SCV  
  89  6:44  SCV  
  89  6:45  Liberator  
  89  6:46  Liberator  
  91  6:50  Orbital Command  
  91  6:52  Marauder  
  93  6:55  SCV  
  93  6:56  SCV  
  93  6:57  Orbital Command  
  95  7:02  Marine, Marauder  
  95  7:03  Missile Turret  
  95  7:07  Marine x2, SCV  
  95  7:08  Marauder, SCV  
  110  7:13  Supply Depot  
  110  7:16  Supply Depot  
  110  7:19  SCV  
  110  7:20  SCV  
  112  7:24  SCV  
  112  7:28  Liberator  
  112  7:29  Liberator  
  113  7:30  Engineering Bay  
  113  7:31  SCV  
  113  7:32  SCV, Armory  
  113  7:36  SCV  
  116  7:37  Refinery  
  116  7:39  Refinery  
  116  7:43  SCV  
  117  7:50  Supply Depot  
  123  7:53  Supply Depot x2  
  123  7:54  Marine  
  123  7:55  Marauder  
  126  8:06  Marine x3, Marauder  
  126  8:07  Starport, Marauder  
  126  8:11  Liberator  
  126  8:12  Marine  
  133  8:16  Supply Depot, Marauder  
  136  8:23  Marine  
  136  8:24  Supply Depot  
  136  8:25  Supply Depot, Liberator  
  137  8:27  Marauder  
  137  8:28  Marauder  
  144  8:38  Barracks  
  144  8:39  Supply Depot, Barracks  
  144  8:40  Barracks  
  144  8:45  Starport Tech Lab  
  147  8:54  Liberator  
  147  8:59  Marauder  
  147  9:02  Marine  
  152  9:03  Terran Infantry Weapons Level 2  
  152  9:07  Marauder  
  152  9:10  Terran Infantry Armor Level 2  
  155  9:21  Command Center  
  155  9:23  Fusion Core  
  155  9:27  Supply Depot, Barracks Reactor, Barracks Tech Lab  
  155  9:29  Barracks Reactor  
  155  9:45  Supply Depot  
  154  9:47  Medivac x2  
  158  9:54  Medivac  
  158  9:57  Marine, Marauder  
  158  9:58  Marine, Marauder  
  158  9:59  Marauder  
  168  10:00  Marauder, Liberator  
  168  10:02  Ghost Academy  
  168  10:09  Marine  
  168  10:10  Marine  
  170  10:17  Medivac  
  170  10:18  Liberator  
  170  10:19  Advanced Ballistics, Marauder  
  170  10:20  Marauder  
  170  10:21  Marauder x2  
  183  10:29  Refinery  
  183  10:30  Refinery, Liberator  
  183  10:33  Missile Turret  
  183  10:34  Missile Turret  
  180  10:35  Missile Turret  
  180  10:36  Missile Turret  
  180  10:40  Marauder, Missile Turret  
  185  10:43  Liberator  
  185  10:44  Marauder  
  185  10:45  Marine, Marauder  
  185  10:46  Marine x2  
  185  10:48  Marine  
  199  11:04  Marine  
  192  11:44  Marauder  
  200  11:54  Orbital Command  
  200  11:56  Command Center  
  200  12:05  Viking x3  
  197  12:16  Command Center  
  193  12:26  Marauder  
  193  12:28  Marine x10, Marauder  
  173  12:35  Medivac  
  161  12:46  Marine x9  
  161  12:47  Marine, Marauder  
  161  12:49  Marine  
  151  13:01  Medivac x2  
  151  13:03  Marine  
  151  13:04  Marine x6, Medivac  
  162  13:07  Marine  
  162  13:08  Marine x4  
Show
View Real Time Build Order
Export as new Build Order

gab Protoss 

Build Orders: 1 Gate Expand, Oracle Opening 

Get SALT Encoding   

  12  0:01  Probe (Chrono Boost)  
  13  0:11  Probe (Chrono Boost)  
  14  0:19  Pylon  
  14  0:22  Probe (Chrono Boost)  
  15  0:37  Probe (Chrono Boost)  
  15  0:41  Gateway  
  16  0:48  Probe (Chrono Boost)  
  17  0:52  Assimilator  
  17  0:58  Probe (Chrono Boost)  
  18  1:09  Probe (Chrono Boost)  
  19  1:24  Nexus  
  19  1:33  Probe (Chrono Boost)  
  19  1:39  Cybernetics Core  
  20  1:43  Probe (Chrono Boost)  
  21  1:53  Assimilator  
  21  1:56  Pylon  
  21  2:01  Probe (Chrono Boost)  
  22  2:12  Probe (Chrono Boost)  
  23  2:16  Adept  
  23  2:17  Warp Gate  
  26  2:23  Probe (Chrono Boost)  
  26  2:33  Stargate  
  26  2:35  Probe (Chrono Boost)  
  27  2:37  Probe (Chrono Boost)  
  28  2:45  Adept  
  28  2:46  Probe (Chrono Boost)  
  28  2:49  Probe (Chrono Boost)  
  32  2:56  Probe (Chrono Boost)  
  33  3:00  Probe (Chrono Boost)  
  33  3:02  Pylon  
  34  3:07  Probe (Chrono Boost)  
  34  3:10  Gateway  
  35  3:16  Oracle (Chrono Boost)  
  38  3:20  Probe  
  38  3:21  Probe  
  40  3:31  Probe  
  40  3:32  Probe  
  42  3:39  Adept  
  44  3:41  Mothership Core  
  44  3:44  Probe  
  44  3:45  Assimilator  
  44  3:48  Assimilator  
  47  3:56  Probe  
  47  3:58  Stalker  
  47  4:00  Probe  
  51  4:08  Probe  
  52  4:11  Probe  
  53  4:20  Probe  
  54  4:27  Twilight Council  
  54  4:30  Pylon  
  54  4:34  Pylon  
  54  4:43  Nexus  
  54  4:46  Gateway, Probe  
  54  4:48  Probe  
  54  4:49  Robotics Facility  
  56  4:57  Probe  
  57  5:00  Probe  
  57  5:01  Pylon  
  57  5:05  Resonating Glaives (Chrono Boost)  
  58  5:07  Adept, Probe  
  58  5:08  Sentry  
  58  5:12  Probe  
  64  5:18  Probe  
  65  5:24  Probe  
  66  5:28  Probe  
  67  5:36  Gateway, Probe  
  67  5:37  Observer  
  67  5:39  Probe  
  67  5:42  Adept x3  
  76  5:44  Phoenix (Chrono Boost)  
  78  5:53  Pylon, Probe  
  78  5:55  Probe  
  80  5:57  Assimilator  
  80  6:01  Probe  
  81  6:04  Probe  
  81  6:06  Phoenix (Chrono Boost)  
  81  6:07  Probe  
  81  6:09  Immortal  
  89  6:12  Probe  
  89  6:17  Adept x3, Probe  
  96  6:19  Probe  
  96  6:22  Forge  
  98  6:28  Phoenix (Chrono Boost)  
  98  6:32  Probe  
  99  6:34  Probe  
  101  7:01  Pylon  
  101  7:02  Pylon  
  101  7:04  Pylon, Probe  
  101  7:05  Assimilator  
  99  7:14  Adept  
  101  7:18  Gateway  
  101  7:19  Gateway, Immortal  
  101  7:21  Blink (Chrono Boost)  
  101  7:22  Gateway, Protoss Ground Weapons Level 1  
  105  7:23  Gateway  
  105  7:31  Phoenix (Chrono Boost)  
  105  7:34  Stalker x2  
  105  7:35  Adept x2  
  115  7:38  Probe  
  115  7:42  Protoss Air Weapons Level 1  
  115  7:43  Probe  
  118  7:51  Probe  
  118  7:53  Phoenix (Chrono Boost)  
  118  7:55  Pylon  
  118  7:56  Pylon  
  118  7:57  Probe  
  124  7:58  Immortal  
  125  8:10  Pylon  
  125  8:11  Pylon  
  125  8:18  Pylon  
  125  8:20  Stalker x2, Pylon  
  125  8:21  Stalker x3  
  125  8:25  Stalker  
  137  8:31  Adept  
  137  8:32  Adept, Probe  
  137  8:33  Probe  
  143  8:35  Probe  
  143  8:37  Immortal  
  148  8:43  Probe  
  148  8:46  Probe x2  
  151  8:56  Adept x2  
  151  8:57  Adept x5  
  151  8:59  Adept  
  167  9:10  Probe  
  167  9:11  Probe  
  167  9:15  Probe  
  167  9:16  Photon Cannon  
  170  9:20  Protoss Ground Armor Level 1  
  170  9:21  Probe  
  170  9:22  Templar Archives  
  171  9:27  Forge  
  171  9:28  Pylon  
  171  9:30  Stalker  
  173  9:36  Pylon  
  173  9:37  Pylon  
  173  9:41  Photon Cannon  
  173  9:53  Stalker x4  
  173  9:54  Stalker  
  173  9:56  Fleet Beacon  
  173  9:57  Stargate  
  183  10:02  Stalker  
  183  10:03  Stalker x2  
  189  10:20  Stalker x4  
  197  10:23  Psionic Storm  
  197  10:25  Pylon  
  197  10:27  Pylon x2  
  197  10:59  Tempest  
  199  11:17  Nexus  
  199  11:21  Pylon  
  199  11:23  Pylon  
  199  11:25  Assimilator  
  199  11:30  Assimilator  
  163  11:45  Tempest x2  
  170  11:47  High Templar, Probe  
  170  11:48  High Templar x4  
  170  11:50  Probe x2  
  182  12:01  Adept, Mothership Core  
  182  12:02  Adept x2  
  190  12:17  Photon Cannon  
  190  12:19  Photon Cannon  
  190  12:20  Photon Cannon  
  190  12:22  Photon Cannon  
  180  12:25  Photon Cannon  
  128  12:30  Adept x5  
  128  12:31  Adept x3  
  82  12:51  Adept x3  
  82  12:52  Adept x3, Probe  
  82  12:53  Probe x2  
  82  12:56  Adept x2  
  82  12:57  Adept x4  
  90  13:02  Probe  
  90  13:04  Probe  
  89  13:05  Probe  
  89  13:12  High Templar x2  
  95  13:22  Nexus  
  95  13:24  High Templar x2  
  95  13:25  High Templar x2  
  107  13:33  Archon x2  
  85  13:34  Zealot  
Tags
 
Add a new tag
Caveats
  • Supply blocks, unpowered buildings, or Contaminate may cause inaccurate times.
  • Supply counts are checked every 10 seconds.